[Event "4NCL 2023-2024"]
[Site "Daventry"]
[Date "2024.05.04"]
[Round "9.23"]
[White "Slaby, Jerzy"]
[Black "Jackson, James P"]
[Result "1-0"]
[ECO "C77"]
[WhiteElo "2465"]
[BlackElo "2355"]
[Annotator "TA"]
[PlyCount "65"]
[EventDate "2023.11.11"]
[EventType "team-tourn"]
[EventCountry "ENG"]
[SourceTitle "playchess.com"]
[Source "ChessBase"]
[SourceQuality "1"]
[TimeControl "40/6000+30:3000+30"]

1. e4 e5 2. Nf3 Nc6 3. Bb5 a6 4. Ba4 Nf6 5. d3 b5 6. Bb3 Bc5 7. Nc3 h6 8. h3 d6 9. Be3 Bxe3 {[%emt 0:14:09] Black has an edge.} 10. fxe3 Na5 11. O-O O-O 12. Qe1 Nxb3 13. axb3 c6 14. g4 Ra7 15. Qg3 Re8 16. Rf2 d5 17. exd5 (17. Nxe5 $2 Qd6 18. exd5 Nxd5 $19 (18... Rxe5 $2 19. e4 $19) (18... Qxe5 $2 19. Qxe5 Rxe5 20. dxc6 $19)) 17... cxd5 18. Rg2 (18. Nxe5 Qc7 19. d4 b4 20. Nxd5 (20. Rxf6 $2 gxf6 21. Nxd5 Qd8 $19) 20... Nxd5 21. Rxf7 Re7 22. Rxe7 Qxe7 $19 (22... Nxe7 23. Qf2 $17)) (18. Nxb5 $1 $11 Rae7 19. Nc3) 18... d4 19. exd4 exd4 20. Nxb5 {[%emt 0:01:06][%cal Bc3b5,Bb5a3,Ba3c4,Bc4e5,Be5f7,Bf7h8][%mdl 32] A dynamic duo of knights.} Rd7 21. Na3 Bb7 22. Nc4 Nd5 {[%emt 0:05:00] [#] White must now prevent ...g5.} 23. g5 (23. Nxd4 Nf4 24. Qxf4 (24. Rf2 $2 Nxh3+ 25. Qxh3 Rxd4 $19) 24... Rxd4 $19) 23... Ne3 24. gxh6 g6 25. Rf2 {[%emt 0:02:45] aiming for Nfe5.} Rd5 {[%emt 0:02:24][%mdl 8192] Loses the game.} (25... Bxf3 $14 26. Rxf3 (26. Qxf3 Re6 $11) 26... Rd5) 26. Nfe5 $18 {[%emt 0:01:04] White is clearly winning.} Rdxe5 27. Nxe5 Qd5 28. h7+ (28. Nxf7 $2 Qh1#) 28... Kh8 29. Nxf7+ Kg7 30. Kh2 {[%emt 0:00:02] Rg1 would kill now.} (30. h8=N $2 Qh1#) 30... Nf5 {[%emt 0:00:35] [#]} 31. Rxf5 $1 Qxf5 32. h8=Q+ ({Worse is} 32. h8=R Re2+ 33. Kg1 Rg2+ 34. Qxg2 Bxg2 35. Kxg2 Qd5+ 36. Kg3 Qxf7 $11) 32... Rxh8 33. Nxh8 {[%emt 0:00:06] Weighted Error Value: White=0.11 (very precise) /Black=0.18 (very precise) .  Loses game:     	---       	Black=1      Mistake:       	White=1     	---        Inaccurate:     	White=1     	Black=4      OK:         	White=6     	Black=9      Best:        	White=1     	---} 1-0

[Event "4NCL 2023-2024"]
[Site "Daventry"]
[Date "2024.05.04"]
[Round "9.24"]
[White "Kalaiyalahan, Akshaya"]
[Black "Garcia Martin, Marta"]
[Result "1-0"]
[ECO "B37"]
[WhiteElo "2148"]
[BlackElo "2342"]
[Annotator "TA"]
[PlyCount "111"]
[EventDate "2023.11.11"]
[EventType "team-tourn"]
[EventCountry "ENG"]
[SourceTitle "playchess.com"]
[Source "ChessBase"]
[SourceQuality "1"]
[TimeControl "40/6000+30:3000+30"]

1. Nf3 g6 2. d4 Bg7 3. c4 c5 4. Nc3 cxd4 5. Nxd4 Nc6 6. Nb3 d6 7. e4 a5 (7... Bxc3+ $15 8. bxc3 Nf6) 8. Be3 $11 a4 9. Nd4 a3 {[%emt 0:00:04] The position is equal.} 10. b3 Nh6 11. Be2 {[%emt 0:04:09] Prevents Ng4.} f5 12. Rc1 O-O 13. O-O f4 14. Nxc6 bxc6 15. Bd2 g5 16. f3 (16. c5 $14) 16... Bd4+ 17. Kh1 e5 $36 {[%emt 0:00:16][%mdl 2048] Black is pushing.} 18. Na4 (18. c5 $11) 18... c5 $15 19. Nc3 Ra7 20. Nb5 Rg7 21. Nxd4 exd4 22. b4 Be6 23. Qa4 Qa8 (23... Nf7 $15) 24. Qxa8 $14 Rxa8 25. g3 (25. h4 $5 gxh4 26. bxc5 dxc5 27. Bxf4 $16) 25... fxg3 26. hxg3 Nf7 27. f4 {[%emt 0:01:42] Against Ne5} Re8 28. Bf3 Bh3 29. Rfe1 Re6 30. bxc5 (30. e5 $5 gxf4 31. Bd5 dxe5 (31... Rxe5 32. bxc5 Rxe1+ 33. Rxe1 $18) 32. Bxe6 Bxe6 33. Bxf4 $16 (33. gxf4 Bd7 $14)) 30... dxc5 (30... gxf4 $11 {keeps the balance.} 31. e5 Rxg3 (31... Rxe5 $2 32. Bxf4 d3 33. cxd6 $18)) 31. e5 (31. Rb1 $1 $16 {[%cal Rb1b8] Rb8+ would now be deadly.} Re8 32. e5) 31... gxf4 32. Bxf4 {[%emt 0:00:07] Threatens to win with Rb1.} Rb6 (32... Bf5 $14) 33. Rb1 $1 $16 Rgg6 (33... Rxb1 $16 34. Rxb1 Rg6) 34. Be4 $2 (34. Rxb6 $1 $18 Rxb6 35. g4) 34... Rxb1 {[%emt 0:00:29] [#]} ({Black should play} 34... Rb2 $1 $14) 35. Rd1 $4 {[%emt 0:09:46][%mdl 8192] [#]} Rc1 $2 36. Rxc1 {[%emt 0:00:00][%cal Oc1b1] Strongly threatening Rb1!} Rc6 $2 {[%emt 0:01:35][%mdl 8192] Black is now going downhill.} 37. Rb1 $2 (37. Bxc6 Nd8 38. Bd5+ Ne6 39. Rb1) 37... Ra6 (37... Re6 $142) 38. Bd5 $18 {[%emt 0:00:00] And now Rb8+ would win. This pair of bishops is nice.} Be6 39. Rb5 d3 (39... Kg7 $142 40. Kg2 (40. Rxc5 Kg6 $16) 40... Kg6) 40. Rxc5 $2 (40. Kg2 $18 {has better winning chances.}) 40... d2 $2 41. Bxd2 Bxd5+ 42. Rxd5 {[%emt 0:00:32][%mdl 4096] Endgame. KRB-KRN} Kf8 43. Bb4+ Ke8 44. Kg2 Ra4 45. Rb5 {[%emt 0:00:00] aiming for e6.} Nd8 46. Rb6 {[%emt 0:00:00] Hoping for e6.} Kd7 {[%emt 0:00:00] [#]} 47. c5 $1 h5 $2 (47... h6 {was called for.} 48. Bc3 (48. Rd6+ Ke8 $18) 48... Re4 49. Rd6+ (49. Rxh6 Rc4 $18) 49... Ke7) 48. Kh3 (48. Rd6+ Kc7 $16) 48... Ne6 (48... Kc8 $142 49. Kh4 Kc7) 49. Kh4 Nxc5 50. Kxh5 Ne4 (50... Ne6 51. Kh6 Kc8) 51. Be1 (51. e6+ $142 Kc7 52. Rb5) 51... Rc4 52. e6+ Ke8 $2 (52... Kc7) 53. Bb4 {[%emt 0:00:06] Rb8+ would kill now.} Nxg3+ 54. Kg6 {[%emt 0:00:57] White mates.} Rg4+ 55. Kf6 Nh5+ 56. Ke5 {[%emt 0:00:28] Weighted Error Value: White=0.51/Black=0.71.  Loses game:     	---       	Black=2      Missed win:     	White=3     	Black=1      Mistake:       	White=5     	Black=10     Inaccurate:     	White=3     	Black=4      OK:         	White=11    	Black=15     Best:        	White=7     	---        Strong:       	White=2     	---} 1-0

[Event "4NCL 2023-2024"]
[Site "Daventry"]
[Date "2024.05.04"]
[Round "9.25"]
[White "Gormally, Daniel W"]
[Black "Pein, Malcolm"]
[Result "1-0"]
[ECO "C88"]
[WhiteElo "2419"]
[BlackElo "2272"]
[Annotator "TA"]
[PlyCount "79"]
[EventDate "2023.11.11"]
[EventType "team-tourn"]
[EventCountry "ENG"]
[SourceTitle "playchess.com"]
[Source "ChessBase"]
[SourceQuality "1"]
[TimeControl "40/6000+30:3000+30"]

1. e4 e5 2. Nf3 Nc6 3. Bb5 a6 4. Ba4 Nf6 5. O-O Be7 6. Re1 b5 7. Bb3 O-O 8. d3 Bb7 9. a4 d6 10. Nc3 Na5 11. Ba2 b4 12. Ne2 c5 13. Bd2 Nc6 14. Ng3 Bc8 15. c3 {[%emt 0:04:21] The position is equal.} Rb8 16. Bc4 Na5 17. cxb4 Nxc4 18. dxc4 {[%emt 0:00:04] bxc5 would now be deadly.} cxb4 19. a5 Qc7 20. b3 Bd7 21. h3 Bc6 22. Bg5 Qb7 {[%emt 0:02:01] [#] Black is now going downhill.} (22... g6 $11 {remains equal.}) 23. Nf5 $1 $16 Rfe8 (23... Qc7 $16 24. Qd3 (24. Bxf6 Bxf6 25. Re2 Rfd8 $11) 24... Kh8 25. Bxf6 Bxf6) 24. Bxf6 $18 (24. Nxd6 Bxd6 25. Bxf6 Bc7 $17) 24... Bxf6 25. Nxd6 {[%emt 0:00:23] Excellent horsemanship.} Qa8 26. Nxe8 Rxe8 27. Qd3 Bd8 28. c5 Bc7 29. Qc4 Qb7 30. Red1 h6 31. Nh4 g6 32. Rd5 Re6 {[%emt 0:00:27] [#]} 33. Nf3 $1 Rf6 34. Rad1 Rf4 $2 (34... Re6 35. Rd6 Bxd6) 35. Nxe5 {[%emt 0:04:28] White is clearly winning.} Bxd5 36. Rxd5 Bxa5 {[%emt 0:01:41] Black is weak on the light squares} 37. c6 Qb6 38. Nd3 {[%emt 0:01:54] Active counter play!} Rf6 {[%emt 0:00:10] [#]} 39. Rxa5 $1 {[%emt 0:00:36][%mdl 512] White threatens c7 and mate.} Rxc6 40. Rc5 {[%emt 0:01:54] Weighted Error Value: White=0.41/Black=0.34.  Mistake:       	---       	Black=3      Inaccurate:     	White=1     	Black=1      OK:         	White=11    	Black=6      Best:        	White=3     	---        Strong:       	White=1     	---} 1-0

[Event "4NCL 2023-2024"]
[Site "Daventry"]
[Date "2024.05.04"]
[Round "9.26"]
[White "Horton, Jamie A"]
[Black "Ansell, Simon T"]
[Result "1/2-1/2"]
[ECO "D10"]
[WhiteElo "2183"]
[BlackElo "2333"]
[Annotator "TA"]
[PlyCount "98"]
[EventDate "2023.11.11"]
[EventType "team-tourn"]
[EventCountry "ENG"]
[SourceTitle "playchess.com"]
[Source "ChessBase"]
[SourceQuality "1"]
[TimeControl "40/6000+30:3000+30"]

1. d4 d5 2. c4 c6 3. cxd5 cxd5 4. Bg5 f6 5. Bd2 Nc6 6. Nc3 e5 7. e4 dxe4 8. dxe5 fxe5 9. Bc4 Nf6 10. Nge2 Bc5 11. h3 {[%emt 0:21:33] Prevents Ng4.} Bf5 12. Bg5 Qxd1+ 13. Rxd1 Rc8 14. Ng3 Bg6 15. Be6 Rd8 16. Rxd8+ (16. Nf5 {keeps more tension.} Kf8 17. Rxd8+ Nxd8 18. Bc8) 16... Nxd8 17. Bb3 Nc6 18. O-O Nd4 19. Ba4+ Kf7 20. Re1 h6 21. Bh4 Bb4 22. a3 Bxc3 23. bxc3 Nf5 ({Black should try} 23... Ne6 $17 24. Bc2 Rc8 25. Nxe4 Nxe4 26. Bxe4 Bxe4 (26... Rxc3 27. Bxb7 Rc5 28. Rd1 $11) 27. Rxe4 Rxc3) 24. Bb3+ Ke7 25. Bxf6+ (25. Nxf5+ $11 Bxf5 26. Bg3) 25... gxf6 $17 26. Nxe4 Rc8 27. Bd5 Nd6 28. Nxd6 Kxd6 29. Bxb7 (29. Rd1 $11 Ke7 (29... Rxc3 $2 {too greedy.} 30. Be4+ Kc5 31. Bxg6 $18) 30. c4) 29... Rxc3 $15 {[%emt 0:00:09][%mdl 4096] Endgame. KRB-KRB} 30. Ra1 Kc5 31. Ba6 Be4 32. h4 Bc6 33. Kh2 f5 34. f3 f4 (34... e4 $17 35. fxe4 fxe4) 35. Kg1 (35. a4 $1 $11 {keeps the balance.}) 35... Bd5 (35... Kb6 $17 36. Bc8 Bxf3 37. Rb1+ Kc7 38. gxf3 Kxc8) 36. Kf2 (36. a4 $1 $11) 36... Rc2+ $17 37. Kg1 e4 $1 38. fxe4 Bxe4 39. Bf1 a5 40. Re1 Kd4 {[%emt 0:01:57] aiming for ...Ra2.} 41. Rd1+ {[%emt 0:06:53] [#]} Ke5 $1 42. Rd8 Ra2 43. Rh8 Rxa3 {[%emt 0:00:49] Threatens to win with ...Ra1.} 44. Rxh6 Ra1 45. Kf2 a4 {[%emt 0:01:23] ...Bd5 would now be deadly.} 46. Rh5+ $2 (46. Rb6) 46... Kd4 $19 {[%emt 0:02:14] Hoping for ...Bd5.} 47. Be2 $2 (47. Ra5 Ra2+ 48. Be2) 47... Ra2 {[%emt 0:02:40] Strongly threatening ...Bd3.} 48. Rh8 {[%emt 0:00:00] [#]} Bxg2 $2 49. Kxg2 $11 {[%emt 0:00:00] Kf3 is the strong threat.} Rxe2+ {[%emt 0:00:08] Weighted Error Value: White=0.30/Black=0.21 (precise) .  Mistake:       	White=6     	Black=3      Inaccurate:     	White=2     	Black=1      OK:         	White=10    	Black=12     Best:        	White=5     	Black=8      Strong:       	---       	Black=2} 1/2-1/2

[Event "4NCL 2023-2024"]
[Site "Daventry"]
[Date "2024.05.04"]
[Round "9.27"]
[White "Ledger, Andrew J"]
[Black "Hoffmann, Hendrik"]
[Result "1-0"]
[ECO "A65"]
[WhiteElo "2335"]
[BlackElo "2231"]
[Annotator "TA"]
[PlyCount "135"]
[EventDate "2023.11.11"]
[EventType "team-tourn"]
[EventCountry "ENG"]
[SourceTitle "playchess.com"]
[Source "ChessBase"]
[SourceQuality "1"]
[TimeControl "40/6000+30:3000+30"]

1. d4 Nf6 2. c4 g6 3. Nc3 Bg7 4. e4 d6 5. f3 O-O 6. Bg5 c5 7. d5 h6 8. Be3 e6 9. Qd2 exd5 10. cxd5 a6 11. a4 Re8 12. Bd3 Nbd7 13. Be2 Ne5 14. Bxh6 Qa5 15. Bxg7 Kxg7 16. g4 b5 17. Nd1 b4 18. Nf2 c4 19. Qd4 Bd7 20. Ngh3 Kg8 (20... Bxa4 $2 21. f4 $18 (21. Bxc4 $2 Nxf3+ 22. Kf1 Nxd4 $19)) (20... Qxd5 $11 {keeps the balance.} 21. Qxd5 Nxd5 22. exd5 Nd3+ 23. Kf1) 21. O-O $1 $16 Rac8 $1 22. g5 (22. Rfc1 $16) 22... Nh5 $11 23. f4 Nd3 24. Bxd3 cxd3 25. Qxd3 Qc5 26. Kg2 Qc2 27. Qxc2 (27. Qxa6 $2 Rxe4 (27... Qxb2 $2 28. Ng1 $19) 28. Ng1 Nxf4+ (28... Qxb2 $2 29. Qxd6 Nxf4+ 30. Kh1 $19) 29. Kh1 Bf5 30. Qxd6 Rec4 $19 (30... Qxb2 $2 31. Rab1 $19)) 27... Rxc2 28. Kf3 Bxh3 (28... Rxb2 {feels hotter.} 29. Nd3 Rxh2 30. Nhf2 a5) 29. Nxh3 Rxh2 30. Nf2 Rh4 $1 31. Rac1 (31. Ng4 $2 Rh3+ 32. Kf2 Rxe4 (32... Nxf4 $2 33. Nf6+ Kf8 34. Nxe8 $18) 33. Nf6+ Nxf6 $19) 31... Rxf4+ 32. Ke3 Rf5 $1 33. Ng4 Rxg5 $2 (33... Rxd5 $2 {is the wrong capture.} 34. Nh6+ Kh8 35. Rxf7 $18 (35. Rc7 Rc5 $18)) (33... Kg7 $1 $11 34. Rxf5 gxf5) 34. Nh6+ $16 Kg7 $2 (34... Kh7 $16 {was worth a try.} 35. Nxf7 Rxd5) 35. Nxf7 $18 Rg3+ $2 (35... Rxd5 {keeps fighting.} 36. Rc7 Ng3) 36. Kd4 $18 Re7 37. Nxd6 Rg4 38. Rc6 a5 39. Re1 Nf4 40. Kc4 Rg2 41. Rf1 Ne2 42. e5 Rg4+ 43. Kc5 Nd4 44. Ra6 Nb3+ 45. Kc6 Rg5 46. Nc4 Rg4 47. Kd6 Re8 48. Ra7+ Kh6 49. Nxa5 Nd2 50. Rh1+ Kg5 51. e6 Ne4+ 52. Kc6 Rg2 53. b3 Rd2 54. Nc4 Rd4 55. Rg1+ Kh6 56. Ne5 Rc8+ 57. Kd7 Rc5 58. Nf7+ Kg7 59. d6 Rcd5 60. Ke8 Kf6 61. Rf1+ Rf5 62. Rxf5+ gxf5 63. e7 Ke6 64. Kf8 Nf6 65. e8=Q+ Nxe8 66. Kxe8 Rg4 67. Re7+ Kf6 68. Kf8 1-0

[Event "4NCL 2023-2024"]
[Site "Daventry"]
[Date "2024.05.04"]
[Round "9.28"]
[White "Pein, Jonathan"]
[Black "Bates, Richard A"]
[Result "1-0"]
[ECO "B51"]
[WhiteElo "2272"]
[BlackElo "2315"]
[Annotator "TA"]
[PlyCount "93"]
[EventDate "2023.11.11"]
[EventType "team-tourn"]
[EventCountry "ENG"]
[SourceTitle "playchess.com"]
[Source "ChessBase"]
[SourceQuality "1"]
[TimeControl "40/6000+30:3000+30"]

1. e4 c5 2. Nf3 d6 3. Nc3 Nf6 4. d4 cxd4 5. Qxd4 e5 6. Bb5+ Nbd7 7. Qd3 h6 8. Be3 Be7 9. Bc4 a6 10. a4 O-O 11. O-O Qc7 {[%emt 0:06:08] White is slightly better.} 12. Nh4 {[%emt 0:00:17] And now Ng6 would win.} Nc5 13. Bxc5 Qxc5 14. Bb3 Re8 15. Nf5 Bxf5 16. exf5 Rac8 17. Rad1 Red8 18. Rfe1 {[%emt 0:02:02] Repels d5} Kf8 19. g3 Rc7 20. Qe2 $40 {[%emt 0:26:10][%mdl 128] White has some attack.} Qb4 21. Rd3 b5 22. axb5 axb5 23. Red1 Rc5 24. h4 Rdc8 25. Nd5 Nxd5 (25... Qe4 $142 26. Qxe4 Nxe4) 26. Rxd5 Rxd5 27. Rxd5 Rc5 (27... Rb8 $16 28. Rd3 Kg8) 28. Rxc5 $2 (28. Rd1 $18 {and the rest is easy. Threatens to win with Qh5.} Bf6 29. Ra1 (29. Rxd6 Rxc2 30. Bxc2 Qxd6 $16)) 28... Qxc5 $18 {[%emt 0:00:10][%mdl 4096] Endgame. KQB-KQB} ({Black should try} 28... dxc5 29. Qxe5 Qa5) 29. Qf3 $16 d5 30. Bxd5 Qc7 (30... Qxc2 31. Qh5 g6 32. Qxh6+ Ke8 33. Qh8+ Kd7 34. Bxf7 (34. Qxe5 Bc5 $16) 34... gxf5 35. Qxe5 $18) 31. Bb3 Bc5 ({Black should play} 31... b4 32. Qe4 Bc5) 32. Kg2 Ke7 33. Qh5 Qc6+ 34. f3 Qf6 35. Qg4 Kf8 36. Qe4 {[%emt 0:00:08] [#] Strongly threatening Qa8+.} Kg8 37. Qa8+ Bf8 38. Qd5 {[%emt 0:00:50] White is more active.} b4 39. g4 h5 40. Qc4 ({Reject} 40. gxh5 $6 Qxf5 41. h6 gxh6 $11) 40... e4 41. Qxe4 hxg4 42. fxg4 Qxh4 {[%emt 0:08:19] [#]} (42... Bd6 $16 43. Qe8+ Bf8) 43. Bxf7+ $1 $18 Kh8 44. Bb3 Qf6 45. Qd5 Kh7 46. Kf3 {[%emt 0:05:49] White threatens Qg8+ and mate.} Kh6 47. Qd2+ {[%emt 0:01:20] Weighted Error Value: White=0.15 (very precise) /Black=0.18 (very precise) .  Missed win:     	White=1     	---        Mistake:       	---       	Black=5      Inaccurate:     	---       	Black=3      OK:         	White=12    	Black=7      Best:        	White=2     	Black=2      Brilliant:      	White=1     	---} 1-0

[Event "4NCL 2023-2024"]
[Site "Daventry"]
[Date "2024.05.04"]
[Round "9.29"]
[White "Varney, Zoe"]
[Black "Gallana, Marco"]
[Result "0-1"]
[ECO "B25"]
[WhiteElo "2070"]
[BlackElo "2260"]
[Annotator "ChessBase"]
[PlyCount "66"]
[EventDate "2023.11.11"]
[EventType "team-tourn"]
[EventCountry "ENG"]
[SourceTitle "playchess.com"]
[Source "ChessBase"]
[SourceQuality "1"]
[TimeControl "40/6000+30:3000+30"]

1. e4 c5 2. Nc3 Nc6 3. Nge2 Nf6 4. g3 d6 5. h3 g6 6. Bg2 Bg7 7. O-O O-O 8. d3 Rb8 9. a4 Ne8 10. f4 Nc7 11. g4 a6 12. g5 b5 13. axb5 axb5 14. Ng3 b4 15. Nce2 Nb5 16. f5 Be5 17. h4 Ncd4 18. Nxd4 Nxd4 19. Bf4 Bd7 20. Bxe5 dxe5 21. h5 b3 22. cxb3 Rxb3 23. Ra3 Rxb2 24. Qc1 Qb6 25. Rc3 Rc8 26. hxg6 hxg6 27. f6 e6 28. Qe3 Rxg2+ 29. Kxg2 Qb2+ 30. Rf2 Qxc3 31. Ne2 Qe1 32. Qh3 Nxe2 33. Rf1 Qg3+ 0-1

[Event "4NCL 2023-2024"]
[Site "Daventry"]
[Date "2024.05.04"]
[Round "9.30"]
[White "Maciol, Ryszard"]
[Black "Webb, Laurence E"]
[Result "0-1"]
[ECO "E48"]
[WhiteElo "2127"]
[BlackElo "2203"]
[Annotator "RC"]
[PlyCount "130"]
[EventDate "2023.11.11"]
[EventType "team-tourn"]
[EventCountry "ENG"]
[SourceTitle "playchess.com"]
[Source "ChessBase"]
[SourceQuality "1"]
[TimeControl "40/6000+30:3000+30"]

1. d4 Nf6 2. c4 e6 3. Nc3 Bb4 4. e3 c5 5. Bd3 Nc6 6. Nge2 cxd4 7. exd4 d5 8. cxd5 Nxd5 9. O-O O-O 10. Bc2 Re8 11. Qd3 g6 12. Ne4 Bf8 13. a3 Bg7 14. Bg5 Nce7 15. Rac1 b6 16. Ba4 Bd7 17. Bb3 f6 18. Bd2 Bc6 19. h4 Qd7 20. N2c3 Rac8 21. h5 Nxc3 22. bxc3 Bd5 23. c4 Bxe4 24. Qxe4 f5 25. Qe2 Nc6 26. hxg6 hxg6 27. Bg5 Nxd4 28. Qd3 Qf7 29. Ba2 Bf6 30. Be3 Rcd8 31. Bxd4 Bxd4 32. Qe2 Bc5 33. Rc3 Qf6 34. Rh3 Kg7 35. Qf3 Rh8 36. Rxh8 Kxh8 37. g3 Kg7 38. Bb3 e5 39. Qb7+ Qe7 40. Qc6 Qd6 41. Qb7+ Rd7 42. Qg2 e4 43. Rd1 Qe7 44. Rxd7 Qxd7 45. g4 e3 46. fxe3 Bxe3+ 47. Kh1 fxg4 48. Qe4 Bc5 49. Bc2 Qf7 50. Qe5+ Kg8 51. Qb8+ Bf8 52. Qg3 Qf1+ 53. Kh2 Qe2+ 54. Qg2 Bd6+ 55. Kg1 Bc5+ 56. Kh2 g3+ 57. Kh3 Qxg2+ 58. Kxg2 Bxa3 59. Kxg3 Kg7 60. Kf4 Kf6 61. Be4 g5+ 62. Kg4 Bc1 63. Bc6 Ke5 64. Kf3 Kd4 65. Bb5 a5 0-1

[Event "4NCL 2023-2024"]
[Site "Daventry"]
[Date "2024.05.04"]
[Round "9.31"]
[White "Ledger, Dave J"]
[Black "Duessler, Stefanie"]
[Result "1-0"]
[ECO "B48"]
[WhiteElo "2211"]
[BlackElo "2079"]
[Annotator "RC"]
[PlyCount "135"]
[EventDate "2023.11.11"]
[EventType "team-tourn"]
[EventCountry "ENG"]
[SourceTitle "playchess.com"]
[Source "ChessBase"]
[SourceQuality "1"]
[TimeControl "40/6000+30:3000+30"]

1. e4 c5 2. Nf3 e6 3. d4 cxd4 4. Nxd4 Nc6 5. Nc3 Qc7 6. Be3 a6 7. g4 b5 8. Nxc6 Qxc6 9. Qd2 Bb7 10. O-O-O d6 11. Bg2 Nf6 12. g5 Ng4 13. Bd4 Ne5 14. b3 Rc8 15. h4 Be7 16. Ne2 O-O 17. Kb1 a5 18. h5 Bxg5 19. Qxg5 Qxc2+ 20. Ka1 Qxe2 21. h6 Qg4 22. Qxg4 Nxg4 23. hxg7 Rfe8 24. Rh4 f5 25. f3 Ne5 26. Bb2 Rc2 27. Bh1 Nf7 28. Kb1 Re2 29. exf5 exf5 30. f4 Bxh1 31. Rhxh1 Rf2 32. Rhe1 Rb8 33. Rd5 Rxf4 34. Rxb5 Rc8 35. Rxa5 Re4 36. Rf1 Ne5 37. Rd5 Rc6 38. Ba3 Kxg7 39. Bxd6 Kf6 40. Ba3 h5 41. Bb2 Re6 42. Rd8 Kg5 43. Bc1+ f4 44. Rf8 Nd3 45. Rg1+ Kh4 46. Rh1+ Kg5 47. Bd2 Nf2 48. Rf1 Nh3 49. a4 Rd4 50. Rg8+ Rg6 51. Rxg6+ Kxg6 52. Kc2 Kf5 53. a5 Ng5 54. a6 Ne6 55. a7 Nc7 56. Ra1 Na8 57. Rh1 Kg4 58. Rg1+ Kf3 59. Rg8 Nc7 60. Rc8 Rd7 61. Ba5 Na8 62. Rxa8 h4 63. Bb6 h3 64. Rh8 Rxa7 65. Bxa7 Kg2 66. b4 h2 67. b5 f3 68. Bc5 1-0

[Event "4NCL 2023-2024"]
[Site "Daventry"]
[Date "2024.05.04"]
[Round "9.32"]
[White "Franco, Gaston"]
[Black "Eames, Robert S"]
[Result "1-0"]
[ECO "B87"]
[WhiteElo "2061"]
[BlackElo "2175"]
[Annotator "RC"]
[PlyCount "199"]
[EventDate "2023.11.11"]
[EventType "team-tourn"]
[EventCountry "ENG"]
[SourceTitle "playchess.com"]
[Source "ChessBase"]
[SourceQuality "1"]
[TimeControl "40/6000+30:3000+30"]

1. e4 c5 2. Nf3 d6 3. d4 cxd4 4. Nxd4 Nf6 5. Nc3 a6 6. Bc4 e6 7. Bb3 b5 8. O-O Be7 9. Qf3 Qb6 10. Be3 Qb7 11. Qg3 b4 12. Na4 Nbd7 13. f3 O-O 14. Rad1 Kh8 15. Rd2 Rb8 16. Rfd1 Ne5 17. Ne2 Qc7 18. c4 bxc3 19. Rc2 Bd7 20. Nexc3 Qa5 21. Qf2 Ng6 22. Nb6 Bb5 23. a4 Be8 24. Ba2 Nd7 25. Nc4 Qc7 26. Rcd2 Nc5 27. a5 Nb3 28. Bxb3 Rxb3 29. Nb6 f5 30. Rd4 f4 31. Bc1 d5 32. Qc2 Rb5 33. exd5 Rxa5 34. Nc4 e5 35. Re4 Qa7+ 36. Kh1 Rc5 37. Nxe5 Nxe5 38. Rxe5 Bg6 39. Qf2 Bd6 40. Re6 Qc7 41. Qf1 Ra5 42. Ne4 Bxe4 43. Rxe4 Rc5 44. b3 Rb5 45. Rd3 Qc2 46. Rc4 Qb1 47. Qd1 a5 48. Qc2 Qxc2 49. Rxc2 Kg8 50. Kg1 Kf7 51. Rc6 Rd8 52. Ra6 g5 53. Kf1 Bb4 54. d6 Rd7 55. Bd2 Bxd2 56. Rxd2 Rxb3 57. Rxa5 h6 58. h4 gxh4 59. Rh5 Kg6 60. Rxh4 Rb4 61. Rd5 Rb6 62. Rg4+ Kh7 63. Rxf4 Rbxd6 64. Rxd6 Rxd6 65. Rg4 h5 66. Rg3 Kh6 67. Kf2 h4 68. Rg8 Kh5 69. Kg1 Rd1+ 70. Kh2 Rf1 71. Rg4 Re1 72. Ra4 Re5 73. Kh3 Re1 74. Rxh4+ Kg5 75. Ra4 Rb1 76. Kg3 Rb5 77. Ra8 Rb3 78. Ra5+ Kf6 79. Kg4 Rb4+ 80. f4 Rb6 81. g3 Rc6 82. Kh5 Rc3 83. Ra6+ Kf5 84. g4+ Kxf4 85. Rf6+ Ke5 86. Rf1 Ke6 87. Kg6 Ke7 88. g5 Rc6+ 89. Kg7 Rc2 90. Re1+ Kd7 91. g6 Rg2 92. Kf7 Rf2+ 93. Kg8 Rg2 94. g7 Rg3 95. Re4 Rg2 96. Kf7 Rf2+ 97. Kg6 Rg2+ 98. Kf6 Rf2+ 99. Kg5 Rg2+ 100. Rg4 1-0